 Dungeon Crawl Stone Soup version 0.28-a0-1344-g6b9ff3a05d (webtiles) character file.

Game seed: 18040848633020237411

2 Deminshera the Skirmisher (level 1, 0/18 HPs)
             Began as a Demonspawn Monk on Dec 29, 2021.
             Slain by a hobgoblin (4 damage)
             ... on level 1 of the Dungeon.
             The game lasted 00:00:13 (198 turns).

Deminshera the Skirmisher (Demonspawn Monk)          Turns: 198, Time: 00:00:14

Health: 0/18       AC:  2    Str: 11    XL:     1   Next: 25%
Magic:  1/1        EV: 12    Int: 11    God:
Gold:   5          SH:  0    Dex: 15    Spells: 0/0 levels left

rFire   . . .      SeeInvis .     - Unarmed
rCold   . . .      Faith    .   (no shield)
rNeg    . . .      Spirit   .   a - +0 robe
rPois   .          Reflect  .   (no helmet)
rElec   .          Harm     .   (no cloak)
rCorr   .          Rampage  .   (no gloves)
Will    .....                   (no boots)
Stlth   ++........              (no amulet)
HPRegen 0.06/turn               (no ring)
MPRegen 0.07/turn               (no ring)

@: no status effects
A: no striking features
a: no special abilities


You were on level 1 of the Dungeon.
You visited 1 branch of the dungeon, and saw 1 of its levels.

You collected 5 gold pieces.

Inventory:

Armour
 a - a +0 robe (worn)


   Skills:
 + Level 3.0 Fighting
 - Level 2.6 Dodging
 - Level 1.7 Stealth
 * Level 2.8 Unarmed Combat


You couldn't memorise any spells.
You didn't know any spells.
Your spell library was empty.

Dungeon Overview and Level Annotations

Branches:
Dungeon (1/15)

Altars:


Message History

You closely miss the ball python.
The ball python is severely wounded.
The ball python closely misses you. The ball python constricts you.
The bat misses you.
The hobgoblin hits you but does no damage.
You closely miss the ball python.
The ball python is severely wounded.
The bat closely misses you.
A hobgoblin comes into view.
The ball python bites you but does no damage.
The ball python constricts you.
The hobgoblin shouts!
You hit the ball python.
You kill the ball python!
The bat closely misses you.
The hobgoblin hits you but does no damage.
You hit the hobgoblin.
The hobgoblin is severely wounded.
The bat hits you. The hobgoblin closely misses you.
You hit the hobgoblin but do no damage.
The hobgoblin is severely wounded.
The bat hits you but does no damage. The hobgoblin closely misses you.
The bat barely misses you.
You closely miss the hobgoblin.
The hobgoblin is severely wounded.
The bat hits you. The hobgoblin closely misses you.
You are too injured to fight recklessly!
You are too injured to fight recklessly!
You are too injured to fight recklessly!
You are too injured to fight recklessly!
The bat barely misses you. The bat barely misses you.
The bat hits you but does no damage.
You closely miss the bat. The bat barely misses you.
The bat closely misses you. The hobgoblin hits you.
* * * LOW HITPOINT WARNING * * *
The bat misses you. x2
You barely miss the bat. The bat hits you but does no damage.
The hobgoblin hits you.
You die...

##.###.###.####.#
#..).......# #.#
#..###.##### ##.#
#. ...# #..#
##.###..# #.##
#.###...##..# #.#
#........g..# #.#
####...##g## #.#
#.†.##@#### #.#
#..#..#.b..# #.#
...###.####.# #.#
#.#. .# #.#####.#
# # ## #.....#.#
#####.#.# #.#.#
#.#.# #.#.#


You could see 2 hobgoblins and a bat.

Vanquished Creatures
  A hobgoblin (D:1)
  A ball python (D:1)
2 creatures vanquished.

Notes
Turn   | Place    | Note
-------+----------+-------------------------------------------
     0 | D:1      | Deminshera the Demonspawn Monk began the quest for the Orb.
     0 | D:1      | Reached XP level 1. HP: 18/18 MP: 1/1
   198 | D:1      | Slain by a hobgoblin

Illustrated notes

Levels and vault maps discovered:
D:1:      dpeg_arrival_lava_altar, layout_loops_ring

Action                   || total
-------------------------++-------
Melee: Unarmed           ||    14
Armor: Robe              ||     6
Dodge: Dodged            ||    17

Table legend: (Time is in decaauts)
 A = Elapsed time spent in this place.
 B = Non-inter-level travel time spent in this place.
 C = Inter-level travel time spent in this place.
 D = Time resting spent in this place.
 E = Time spent auto-exploring this place.
 F = Levels seen in this place.
 G = Mean time per level.
                   A        B        C        D        E       F      G
               +--------+--------+--------+--------+--------+-----+--------+
         Total |    197 |    197 |      0 |     78 |     95 |   1 |  197.0 |
       Dungeon |    197 |    197 |      0 |     78 |     95 |   1 |  197.0 |
               +--------+--------+--------+--------+--------+-----+--------+

Top non-repeatable levels by time:
     D:1: 197 daAuts
